 Dungeon Crawl Stone Soup version 0.27.1-3-gb3d3a73c9e (webtiles) character file.

Game seed: 454914279414101315

494 belegose the Sneak (level 7, -1/59 HPs)
             Began as a Ghoul Brigand on Oct 26, 2021.
             Slain by an ogre (31 damage)
             ... on level 4 of the Dungeon.
             The game lasted 00:11:36 (3667 turns).

belegose the Sneak (Ghoul Brigand)                  Turns: 3667, Time: 00:11:37

Health: -1/59      AC:  4    Str: 16    XL:     7   Next: 15%
Magic:  6/6        EV: 11    Int:  7    God:
Gold:   190        SH:  0    Dex: 10    Spells: 6/6 levels left

rFire    . . .     SeeInvis +   b - +1 short sword (drain)
rCold    + . .     Faith    .   (no shield)
rNeg     + + +     Spirit   .   r - +0 robe
rPois    ∞         Reflect  .   (no helmet)
rElec    .         Harm     .   c - +0 cloak
rCorr    .         Rampage  .   h - +0 pair of gloves
Will     .....                  (no boots)
Stlth    +++.......             (no amulet)
HPRegen  0.00/turn              s - ring of see invisible
MPRegen  0.10/turn              (no ring)

@: inhibited regen
A: claws 1, cold resistance 1, negative energy resistance 3, inhibited
regeneration, torment resistance 2
a: no special abilities


You were on level 4 of the Dungeon.
You visited 1 branch of the dungeon, and saw 4 of its levels.
You also visited: Sewer.

You collected 190 gold pieces.

Inventory:

Hand Weapons
 a - a +2 dagger
 b - a +1 short sword of draining (weapon)
Missiles
 d - 7 poisoned darts (quivered)
 e - a curare-tipped dart
 f - 140 stones
Armour
 c - a +0 cloak (worn)
 h - a +0 pair of gloves (worn)
 m - a +0 ring mail
 p - a +0 plate armour
 r - a +0 robe (worn)
Jewellery
 s - a ring of see invisible (left hand)
Scrolls
 i - 3 scrolls of identify {unknown}
 j - 2 scrolls of teleportation {unknown}
 k - a scroll of noise {unknown}
 q - a scroll of magic mapping {unknown}
 t - a scroll of enchant armour {unknown}
Potions
 g - 3 potions of heal wounds
 l - 2 potions of curing {unknown}
 n - 3 potions of mutation {unknown}
 o - a potion of attraction {unknown}


   Skills:
 + Level 4.2 Fighting
 + Level 3.3 Short Blades
 + Level 3.3 Throwing
 + Level 2.6 Armour
 - Level 0.8 Dodging
 + Level 5.8 Stealth


You had 6 spell levels left.
You didn't know any spells.
Your spell library contained the following spells:

 Spells                   Type           Power      Damage    Failure   Level
 Fireball                 Conj/Fire      0%         3d3       100%        5
 Iskenderun's Battlesphe  Conj           0%         2d6       100%        5
 Conjure Ball Lightning   Conj/Air       0%         3x3d6     100%        6
 Orb of Destruction       Conj           0%         N/A       100%        7


Dungeon Overview and Level Annotations

Branches:
Dungeon (4/15)              Sewer (visited)
 Temple: D:4-7

Altars:


Innate Abilities, Weirdness & Mutations

You thrive by killing the living.
You are immune to poison.
You have sharp fingernails.
Your flesh is cold resistant. (rC+)
You are immune to negative energy. (rN+++)
You do not regenerate when monsters are visible.
You are immune to unholy pain and torment.


Message History

You climb downwards.
There is a stone staircase leading up here.
You climb upwards.
There is a stone staircase leading down here.
Unknown command.
There is an open door here.
There is a stone staircase leading down here.
You climb downwards.
Found a scroll labelled DAIW JAUSO.
There is a stone staircase leading up here.
You see here a scroll labelled DAIW JAUSO.
The helpless hound fails to defend itself.
You puncture the hound!
The hound is severely wounded.
The hound barely misses you. The hound bites you.
You closely miss the hound.
The hound is severely wounded.
The hound closely misses you.
You hit the hound. You drain the hound.
You kill the hound!
You feel better.
You see here a hound corpse.
j - 2 scrolls labelled DAIW JAUSO (gained 1)
Found a stone staircase leading up.
Found 24 stones.
f - 140 stones (gained 24)
An ogre comes into view. It is wielding a +0 giant club.
The ogre shouts!
The ogre hits you with a +0 giant club!
You barely miss the ogre. The ogre closely misses you.
You hit the ogre.
The ogre is lightly wounded.
You barely miss the ogre.
The ogre is lightly wounded.
The ogre hits you with a +0 giant club!
You hit the ogre.
The ogre is moderately wounded.
The ogre hits you with a +0 giant club!!
Ouch! That really hurt!
You die...

#### ######### ..# #..
...# ### #O# #.#
###.###.. #@# ##.#
#........
#.####.###..###.#.###..
.................#.#
##.
##.####.#.....####.# #.
#.##...## #.# #.
..###..# #<# ##. ####
#.... ..# #<. #.####
### #.# ## #+# #.#


You could see an ogre.

Vanquished Creatures
  A black bear (D:3)
  2 bullfrogs (Sewer)
  A hound (D:4)
  An orc priest (D:3)
  An iguana (D:3)
  7 adders
  2 worms (D:2)
  3 dart slugs
  5 orcs (D:3)
  16 ball pythons
  2 bats (D:2)
  13 endoplasms
  12 giant cockroaches
  6 goblins
  6 hobgoblins
  11 quokkas
  12 frilled lizards
  4 kobolds
  10 rats
115 creatures vanquished.

Notes
Turn   | Place    | Note
-------+----------+-------------------------------------------
     0 | D:1      | belegose the Ghoul Brigand began the quest for the Orb.
     0 | D:1      | Reached XP level 1. HP: 17/17 MP: 0/0
   134 | D:1      | Reached XP level 2. HP: 25/25 MP: 1/1
   543 | D:1      | Reached XP level 3. HP: 29/30 MP: 2/2
   762 | D:2      | Reached skill level 1 in Armour
  1035 | D:2      | Reached XP level 4. HP: 31/37 MP: 3/3
  1748 | D:2      | Found a faded altar of an unknown god.
  1773 | D:3      | Noticed a black bear
  1876 | D:3      | Found a glowing drain.
  1919 | D:3      | Reached skill level 5 in Stealth
  1940 | Sewer    | Entered a sewer
  1979 | Sewer    | Reached XP level 5. HP: 44/45 MP: 4/4
  2716 | Sewer    | Reached XP level 6. HP: 51/51 MP: 5/5
  3082 | D:3      | Killed a black bear
  3231 | D:3      | Reached XP level 7. HP: 59/59 MP: 6/6
  3667 | D:4      | Slain by an ogre

Illustrated notes

Levels and vault maps discovered:
D:1:      saegor_arrival_simple_e, layout_rooms, st_stairs_8,
          hangedman_decor_peaks_small, minmay_tromino_i2
D:2:      layout_loops_cross, dilly_ecumenical_altar_fadedgnrine,
          chequers_mini_garden
D:3:      layout_loops_corners, gup_sewer_entry_glass, minmay_fractal_squares_5
D:4:      layout_loops_corners, nicolae_uskayaw_murder_on_the_dancefloor

Skill      XL: |  1  2  3  4  5  6 |
---------------+-------------------+-----
Short Blades   | 2 3 |  3.3
Throwing       | 2 3 |  3.3
Armour         | 1 2 |  2.6
Fighting       | 3 4 |  4.2
Stealth        | 5 |  5.8
Dodging        | |  0.8

Action                   |  1- 3 |  4- 6 |  7- 9 || total
-------------------------+-------+-------+-------++-------
Melee: Dagger            |   111 |   267 |       ||   378
       Short sword       |       |    20 |    26 ||    46
Throw: Stone             |       |    56 |       ||    56
       Dart              |       |    12 |       ||    12
  Use: Potion            |       |     1 |       ||     1
 Stab: Sleeping          |     6 |     4 |     2 ||    12
Armor: Robe              |    21 |    71 |     3 ||    95
Dodge: Dodged            |    47 |   164 |    11 ||   222
